 Dungeon Crawl Stone Soup version 0.21.0-3-g78d12a8 (webtiles) character file.

103 zxpr0jk the Chiller (level 4, -1/33 HPs)
             Began as a Draconian Ice Elementalist on Jan 17, 2018.
             Slain by a hobgoblin (6 damage)
             ... led by Robin
             ... on level 2 of the Dungeon.
             The game lasted 00:04:24 (2221 turns).

zxpr0jk the Chiller (Draconian Ice Elementalist)    Turns: 2221, Time: 00:04:25

Health: -1/33      AC:  5    Str: 10    XL:     4   Next: 51%
Magic:  7/7        EV: 12    Int: 16    God:
Gold:   40         SH:  0    Dex: 12    Spells: 6/7 levels left

rFire    . . .     SeeInvis .   j - +0 short sword
rCold    . . .     Gourm    .   (no shield)
rNeg     . . .     Faith    .   (armour unavailable)
rPois    .         Spirit   .   (helmet restricted)
rElec    .         Reflect  .   (no cloak)
rCorr    .         Harm     .   (no gloves)
MR       .....                  (no boots)
Stlth    ++........             (no amulet)
HPRegen  0.11/turn              (no ring)
MPRegen  0.10/turn              (no ring)

@: very slightly contaminated
A: unfitting armour, cold-blooded, AC +5
a: no special abilities


You were on level 2 of the Dungeon.
You were not hungry.

You visited 1 branch of the dungeon, and saw 2 of its levels.

You collected 40 gold pieces.

Inventory:

Hand Weapons
 j - a +0 short sword (weapon)
Missiles
 e - 39 stones (quivered)
 g - 44 sling bullets
Scrolls
 c - a scroll of enchant armour {unknown}
 f - a scroll of amnesia {unknown}
 h - a scroll of teleportation {unknown}
 l - a scroll of fear {unknown}
Potions
 i - a potion of invisibility {unknown}
 k - a potion of berserk rage {unknown}
 n - a potion of curing {unknown}
Books
 a - a book of Frost

   Spells                             Type                      Level
   a - Freeze                         Ice                          1
   b - Throw Frost                    Conjuration/Ice              2
   c - Ozocubu's Armour               Charms/Ice                   3
   d - Throw Icicle                   Conjuration/Ice              4
   e - Summon Ice Beast               Ice/Summoning                4
Comestibles
 b - 4 rations
 m - a chunk of flesh


   Skills:
 - Level 1.7 Dodging
 - Level 1.7 Stealth
 - Level 2.0 Spellcasting
   Level 1.0 Conjurations
 * Level 5.3 Ice Magic


You had 6 spell levels left.
You knew the following spells:

 Your Spells              Type           Power        Failure   Level  Hunger
a - Freeze                Ice            ###.         2%          1    #......


Dungeon Overview and Level Annotations

Branches:
Dungeon (2/15)

Altars:
The Shining One

Annotations:
D:2 Robin


Innate Abilities, Weirdness & Mutations

Your plain brown scales are hard. (AC +5)
You cannot fit into any form of body armour.
You are cold-blooded and may be slowed by cold attacks.


Message History

Okay, then.
The goblin barely misses you. The hobgoblin hits you.
* * * LOW HITPOINT WARNING * * *
Robin hits you but does no damage. The goblin barely misses you.
The goblin closely misses you.
The hobgoblin moves out of view.
The goblin hits you with an uncursed dagger.
The hobgoblin misses you. Robin hits you but does no damage.
The goblin hits you with a club. x2; The goblin misses you.
The hobgoblin hits you.
* * * LOW HITPOINT WARNING * * *
Unknown command.
You feel less invigorated.
You feel less confused. The goblin misses you. The goblin hits you with a club.
* * * LOW HITPOINT WARNING * * *
The goblin hits you with an uncursed dagger.
* * * LOW HITPOINT WARNING * * *
The hobgoblin hits you.
You die...

###########
##.ggg......
####. #@g###
gg(.###g..#
#..#.g#.#
#.g.##.#
##g###.# #.#
#.# .. #.#
#.# .# #.#
#.# .# #.
#.###.####.#


You could see Robin, a hobgoblin and 4 goblins.

Vanquished Creatures
  A hound (D:2)
  2 worms (D:2)
  2 leopard geckos
  A ball python (D:1)
  8 bats
  2 giant cockroaches (D:1)
  8 goblins
  3 hobgoblins
  8 jackals (D:1)
  9 kobolds
  2 quokkas (D:2)
  4 frilled lizards
  6 rats
56 creatures vanquished.

Notes
Turn   | Place    | Note
-------+----------+-------------------------------------------
     0 | D:1      | zxpr0jk the Draconian Ice Elementalist began the quest for the Orb.
     0 | D:1      | Reached XP level 1. HP: 14/14 MP: 3/3
   461 | D:1      | Reached XP level 2. HP: 17/20 MP: 3/5
   767 | D:1      | Reached skill level 4 in Ice Magic
  1102 | D:1      | Reached XP level 3. HP: 25/26 MP: 6/6
  1866 | D:2      | Found a glowing golden altar of the Shining One.
  2041 | D:2      | Reached skill level 5 in Ice Magic
  2041 | D:2      | Reached XP level 4. HP: 15/33 MP: 3/7
  2196 | D:2      | Noticed Robin
  2221 | D:2      | Slain by a hobgoblin

Skill      XL: |  1  2  3 |
---------------+----------+-----
Ice Magic      | 4 5 |  5.3
Dodging        | |  1.7
Stealth        | |  1.7
Spellcasting   | |  2.0
Conjurations   | |  1.0

Action                   |  1- 3 |  4- 6 || total
-------------------------+-------+-------++-------
Melee: Unarmed           |   101 |       ||   101
       Tailslap          |    15 |     1 ||    16
       Short sword       |    50 |    13 ||    63
Throw: Stone             |   101 |     8 ||   109
 Cast: Freeze            |    42 |    10 ||    52
  Use: Potion            |     1 |     1 ||     2
  Eat: Chunk             |     4 |     1 ||     5
Armor: Skin              |    75 |    12 ||    87
Dodge: Dodged            |   136 |    33 ||   169
